 Seeded DCSS version 0.28-a0-823-gb444dcf96d (webtiles) character file.

Game seed: 5494768922653061978 (custom seed)

23 croobank the Vexing (level 2, -4/11 HPs)
             Began as a Felid Enchanter on Nov 9, 2021.
             Slain by Natasha (9 damage)
             ... on level 2 of the Dungeon.
             The game lasted 00:12:27 (2032 turns).

croobank the Vexing (Felid Enchanter)               Turns: 2032, Time: 00:12:27

Health: -4/11      AC:  1    Str:  4    XL:     2   Next: 72%
Magic:  4/6        EV: 17    Int: 16    God:
Gold:   90         SH:  0    Dex: 16    Spells: 1/5 levels left
                                        Lives:  0   Deaths: 0

rFire   . . .      SeeInvis +     - Unarmed
rCold   . . .      Faith    .   (shield unavailable)
rNeg    . . .      Spirit   .   (armour unavailable)
rPois   .          Reflect  .   (helmet unavailable)
rElec   .          Harm     .   (cloak unavailable)
rCorr   .          Rampage  .   (gloves unavailable)
Will    .....                   (boots unavailable)
Stlth   +++.......              (no amulet)
HPRegen 0.03/turn               (no ring)
MPRegen 0.10/turn               (no ring)

@: quick
A: very small, claws 1, fangs 3, see invisible, speed 1, shaggy fur 1, stealthy
paws, no weapons or thrown items, no armour, multi-lived
a: no special abilities


You were on level 2 of the Dungeon.
You visited 1 branch of the dungeon, and saw 3 of its levels.

You collected 90 gold pieces.

Inventory:

Scrolls
 b - a scroll of noise
 d - a scroll of teleportation {unknown}
 f - a scroll of identify {unknown}
Potions
 a - a potion of cancellation {unknown}
 e - 2 potions of heal wounds {unknown}


   Skills:
 + Level 3.0 Dodging
 + Level 4.4 Stealth
 + Level 1.7 Unarmed Combat
 + Level 2.1 Spellcasting
 + Level 4.7 Hexes


You had one spell level left.
You knew the following spells:

 Your Spells              Type           Power      Damage    Failure   Level
a - Ensorcelled Hibernat  Hex/Ice        18%        N/A       12%         2
b - Wereblood             Tmut           1%         N/A       30%         2

Your spell library contained the following spells:

 Spells                   Type           Power      Damage    Failure   Level
 Confusing Touch          Hex            16%        N/A       9%          3
 Tukima's Dance           Hex            16%        N/A       9%          3
 Dazzling Flash           Conj/Hex       18%        N/A       24%         3
 Sublimation of Blood     Necr           1%         N/A       30%         2
 Call Canine Familiar     Summ           1%         N/A       52%         3
 Leda's Liquefaction      Hex/Erth       4%         N/A       61%         4
 Summon Hydra             Summ           0%         N/A       100%        7
 Portal Projectile        Hex/Tloc       Unusable   N/A       N/A         3

Dungeon Overview and Level Annotations

Branches:
Dungeon (3/15)

Altars:

Annotations:
D:2 Natasha, Terence


Innate Abilities, Weirdness & Mutations

You have sharp claws.
You have razor-sharp teeth.
You have supernaturally acute eyesight. (SInv)
You cover ground quickly. (Speed+)
You are covered in fur. (AC +1)
Your paws help you pounce on unaware monsters.
You are incapable of wielding weapons or throwing items.
You cannot wear armour.
You gain extra lives every three experience levels.


Message History

The bat closely misses you. x2
You scratch the bat.
You kill the bat!
You see here a bat corpse.
Found a stone staircase leading down.
You pick up a book of Blood and begin reading...
You add the spells Sublimation of Blood, Wereblood and Summon Hydra to your library.
There are no items here.
Okay, then.
Annotate which branch? (. - D:3, ? - help, ! - show branch list)
Okay, then.
This spell is potentially lethal to cast!
Memorise Wereblood, consuming 2 spell levels and leaving 1?
You start memorising the spell.
You continue memorising. x2
You finish memorising.
Spell assigned to 'b'.
You now have 90 gold pieces (gained 17).
There is a stone staircase leading up here.
You climb upwards.
Level annotation: Natasha, Terence
There is a stone staircase leading down here.
Casting: Ensorcelled Hibernation (safe; 12% risk of failure)
Confirm with . or Enter, or press ? or * to list all spells.
Aiming: Ensorcelled Hibernation (safe; 12% risk of failure)
Press: ? - help, Shift-Dir - straight line, f - Natasha
Aim: Natasha (chance to affect: 40%) Natasha resists with some effort.
Natasha completely misses you.
You scratch Natasha.
Natasha is lightly wounded.
Natasha claws you.
You scratch Natasha.
Natasha is moderately wounded.
Natasha claws you.
You barely miss Natasha.
Natasha is moderately wounded.
Natasha closely misses you.
You closely miss Natasha. You bite Natasha.
Natasha is moderately wounded.
Natasha claws you!
Ouch! That really hurt!
You die...

#..#.# ##
.#.........#### ..#.##.
...........# .......
#.........# ......
####...#### #.#..#
#...# #.#.[# ##...##
#.#..# #.....# #
#.#(.## #######.....# #
##.....# #.h@.....)..#
#
#..#...####.#####.....#
#
#..#...h..............#
#
#..##..####.#####...###
# #......# #.# ##.##
####.###.## #.# #.#
.........#
#.######.####
####.#####
#...........# #.......#
#.######.##.#


You could see Natasha.

Vanquished Creatures
  4 endoplasms
  4 hobgoblins
  A quokka (D:2)
  3 ball pythons (D:1)
  2 bats
  3 frilled lizards
  2 goblins (D:1)
  2 rats (D:1)
21 creatures vanquished.

Vanquished Creatures (others)
  8 fungi (D:3)
  2 toadstools (D:3)
10 creatures vanquished.

Grand Total: 31 creatures vanquished

Notes
Turn   | Place    | Note
-------+----------+-------------------------------------------
     0 | D:1      | croobank the Felid Enchanter began the quest for the Orb.
     0 | D:1      | Reached XP level 1. HP: 7/7 MP: 4/4
   377 | D:1      | Found a faded altar of an unknown god.
   520 | D:1      | Reached XP level 2. HP: 11/11 MP: 6/6
   865 | D:2      | Learned a level 2 spell: Ensorcelled Hibernation
   926 | D:2      | Noticed Natasha
  1050 | D:2      | Noticed Terence
  1691 | D:2      | Noticed a crimson imp
  2005 | D:3      | Learned a level 2 spell: Wereblood
  2032 | D:2      | Slain by Natasha

Illustrated notes

Levels and vault maps discovered:
D:1:      kennysheep_arrival_seaside, layout_basic, basic_ecumenical_altar
D:2:      layout_loops_ring, bh_walls_and_bars, uniq_terence, uniq_natasha
D:3:      layout_basic, minmay_gold_behind_fungi, uniq_sigmund, uniq_jessica,
          uniq_grinder, uniq_ijyb

Skill      XL: |  1  2 |
---------------+-------+-----
Dodging        | 3 |  3.0
Stealth        | |  4.4
Unarmed Combat | |  1.7
Spellcasting   | |  2.1
Hexes          | |  4.7

Action                   || total
-------------------------++-------
Melee: Unarmed           ||    52
       Bite              ||     1
 Cast: Ensorcelled Hiber ||     1
  Use: Scroll            ||     3
       Potion            ||     1
 Stab: Sleeping          ||    10
Armor: Skin              ||     1
Dodge: Dodged            ||    41

Table legend: (Time is in decaauts)
 A = Elapsed time spent in this place.
 B = Non-inter-level travel time spent in this place.
 C = Inter-level travel time spent in this place.
 D = Time resting spent in this place.
 E = Time spent auto-exploring this place.
 F = Levels seen in this place.
 G = Mean time per level.
                   A        B        C        D        E       F      G
               +--------+--------+--------+--------+--------+-----+--------+
         Total |   1791 |   1741 |     50 |    612 |    583 |   3 |  597.0 |
       Dungeon |   1791 |   1741 |     50 |    612 |    583 |   3 |  597.0 |
               +--------+--------+--------+--------+--------+-----+--------+

Top non-repeatable levels by time:
     D:1: 881 daAuts
     D:2: 610 daAuts
     D:3: 298 daAuts
